AoeStats
← 白鹿城拉车车

Arena

509866140Analyzed
4v4 RM · 2d ago on Sep 28, 2026· 17m 32s· 8 players
Game mode
Random Map
Map size
Large (8 player)
Population
200
Speed
Normal
Resources
Standard
Victory
Conquest
Starting age
Dark Age
Ending age
Imperial Age
RankedLock teamsTeams togetherTeam positionsShared explorationLock speedFull tech treeHidden civsTurbo modeCheats
Victory
Defeat
🇭🇰 Danes · Hong Kong SAR China
1271
+16
🇩🇪 Vietnamese · Germany
1271
+16
🇨🇳 Persians · China
1243
+17
🇨🇳 Britons · China
1221
+18
🇨🇳 Varangians · China
1379
-22
🇨🇳 Danes · China
1286
-18
1236
-15
🇭🇰 Muisca · Hong Kong SAR China
1155
-12
孤鸿
10:40 Feudal Age
14:21 Castle Age
12:12 Double-Bit Axe
12:36 Horse Collar
joeip
5:15 Loom
11:04 Feudal Age
15:28 Castle Age
13:22 Horse Collar
13:35 Gold Mining
14:28 Double-Bit Axe
Z-Rick
10:39 Feudal Age
14:29 Castle Age
12:30 Double-Bit Axe
12:50 Horse Collar
15:45 Heavy Plow
15:57 Bow Saw
北斗星司
11:55 Feudal Age
15:39 Castle Age
13:39 Double-Bit Axe
14:19 Horse Collar
14:41 Gold Mining
14:41 Loom
16:59 Town Watch
17:43 Fletching
Humetsang
11:51 Feudal Age
15:33 Castle Age
13:22 Double-Bit Axe
14:06 Horse Collar
微操大师蒋中正
10:29 Feudal Age
14:23 Castle Age
12:54 Double-Bit Axe
13:13 Horse Collar
15:18 Bow Saw
重案组之虎曹达华JESSEJAMES
10:56 Feudal Age
13:39 Castle Age
12:00 Double-Bit Axe
12:15 Horse Collar
14:35 Bow Saw
14:38 Heavy Plow
14:42 Loom
白鹿城拉车车
10:49 Feudal Age
12:11 Wheelbarrow
15:35 Castle Age
13:31 Double-Bit Axe
14:01 Horse Collar
14:30 Gold Mining
14:52 Loom
16:43 Bow Saw
16:36 Heavy Plow
Connection lost

Rejoining the realm…

Still unreachable

The connection could not be restored.

Session expired

The server has moved on; the page needs a fresh start.